 Dungeon Crawl Stone Soup version 0.21.1-1-g345015fe64 (webtiles) character file.

982 OlSheep the Firebug (level 7, -6/37 HPs)
             Began as a Deep Elf Fire Elementalist on July 10, 2018.
             Shot with an arrow by a centaur (9 damage)
             ... on level 5 of the Dungeon.
             The game lasted 00:32:39 (6439 turns).

OlSheep the Firebug (Deep Elf Fire Elementalist)    Turns: 6439, Time: 00:32:39

Health: -6/37      AC:  3    Str:  5    XL:     7   Next: 96%
Magic:  14/19      EV: 12    Int: 22    God:
Gold:   210        SH:  0    Dex: 15    Spells: 7/20 levels left

rFire    . . .     SeeInvis .   f - +1 dagger
rCold    . . .     Gourm    .   (no shield)
rNeg     . . .     Faith    .   a - +0 leather armour
rPois    .         Spirit   .   (no helmet)
rElec    .         Reflect  .   (no cloak)
rCorr    .         Harm     .   (no gloves)
MR       .....                  (no boots)
Stlth    ++........             (no amulet)
HPRegen  0.12/turn              (no ring)
MPRegen  0.16/turn              (no ring)

@: about to teleport, hasted, very quick
A: no striking features
a: no special abilities


You were on level 5 of the Dungeon.
You were not hungry.

You visited 1 branch of the dungeon, and saw 5 of its levels.

You collected 210 gold pieces.

Inventory:

Hand Weapons
 f - a +1 dagger (weapon)
 u - a +0 dagger
Armour
 a - a +0 leather armour (worn)
 j - a +0 large shield
 v - a +0 robe
 w - a +2 scale mail of cold resistance
 z - a +0 shield
Jewellery
 s - an uncursed ring of stealth {unknown}
 t - an uncursed ring of protection from cold {unknown}
Wands
 n - a wand of paralysis (10)
Scrolls
 k - 2 scrolls of magic mapping
 l - 2 scrolls of enchant weapon
 q - a scroll of teleportation
 r - a scroll of fog
Potions
 d - 2 potions of brilliance
 e - 3 potions of haste
 g - 2 potions of berserk rage
 h - 2 potions of might
 i - a potion of agility {unknown}
 m - a potion of mutation {unknown}
 o - a potion of curing {unknown}
 p - 2 potions of lignification {unknown}
Books
 b - a book of Flames

   Spells                             Type                      Level
   a - Flame Tongue                   Conjuration/Fire             1
   b - Throw Flame                    Conjuration/Fire             2
   c - Conjure Flame                  Conjuration/Fire             3
   d - Inner Flame                    Hexes/Fire                   3
   e - Sticky Flame                   Conjuration/Fire             4
   f - Fireball                       Conjuration/Fire             5
Comestibles
 c - 11 rations
 x - 3 chunks of flesh


   Skills:
 + Level 0.7 Fighting
 + Level 2.8 Dodging
 - Level 2.4 Stealth
 + Level 7.3 Spellcasting
 + Level 4.5 Conjurations
 * Level 7.4 Fire Magic


You had 7 spell levels left.
You knew the following spells:

 Your Spells              Type           Power        Failure   Level  Hunger
a - Flame Tongue          Conj/Fire      ####.        1%          1    None
b - Throw Flame           Conj/Fire      ####..       1%          2    None
c - Conjure Flame         Conj/Fire      ####....     3%          3    None
d - Inner Flame           Hex/Fire       ###.....     9%          3    None
e - Sticky Flame          Conj/Fire      ####....     11%         4    ###....


Dungeon Overview and Level Annotations

Branches:
Dungeon (5/15)
 Temple: D:4-7

Altars:
Fedhas
Hepliaklqana
Kikubaaqudgha
Nemelex Xobeh
Qazlal
Trog
Wu Jian

Shops:
D:4 *:(

Annotations:
D:4 Eustachio


Message History

Aiming: Flame Tongue
Press: ? - help, Shift-Dir - straight line, f/p - centaur
Aim: a centaur (lightly wounded)
The flame tongue misses the centaur.
The centaur hits you but does no damage.
Casting: Flame Tongue
Confirm with . or Enter, or press ? or * to list all spells.
Aiming: Flame Tongue
Press: ? - help, Shift-Dir - straight line, f/p - centaur
Aim: a centaur (lightly wounded)
The flame tongue hits the centaur.
The centaur appears unharmed.
The centaur is lightly wounded.
The centaur hits you.
* * * LOW HITPOINT WARNING * * *
As you read the scroll of teleportation, it crumbles to dust.
You feel strangely unstable. The centaur hits you.
* * * LOW HITPOINT WARNING * * *
The centaur wields an uncursed shortbow.
The centaur shoots an arrow.
The arrow hits you!
You die...

....####### ..
..........# ...
....$.....#...
..........#'###
...............
...............
.......c.......
###'## #..@.#
#....# #....#
#....# #....#
#....##########
##'####.......#
#....'........#
.
#....#........#


You could see a centaur.

Vanquished Creatures
  The ghost of SlightEye the Sneak, an amateur OpAs (D:4)
  A phantom (D:4)
  A scorpion (D:4)
  2 water moccasin skeletons (D:4)
  3 vampire bats (D:4)
  A howler monkey (D:4)
  3 hounds (D:4)
  Terence (D:3)
  2 worker ants (D:4)
  2 orc wizards
  The ghost of tidbits the Grave Robber, a weakling GnNe (D:3)
  Robin (D:4)
  7 adders
  A worm (D:3)
  2 dart slugs
  2 leopard geckos
  9 orcs
  9 bats
  4 giant cockroaches
  14 goblins
  15 hobgoblins
  9 jackals
  A quokka (D:4)
  2 ball pythons
  6 frilled lizards
  10 kobolds
  6 rats
116 creatures vanquished.

Notes
Turn   | Place    | Note
-------+----------+-------------------------------------------
     0 | D:1      | OlSheep the Deep Elf Fire Elementalist began the quest for the Orb.
     0 | D:1      | Reached XP level 1. HP: 10/10 MP: 6/6
   215 | D:1      | Reached XP level 2. HP: 15/15 MP: 2/8
   714 | D:1      | You fall through a shaft!
  1116 | D:1      | Learned a level 2 spell: Throw Flame
  1172 | D:2      | Reached XP level 3. HP: 10/19 MP: 2/10
  2496 | D:3      | Learned a level 3 spell: Conjure Flame
  2529 | D:3      | Reached XP level 4. HP: 24/24 MP: 0/12
  2702 | D:3      | Noticed tidbits's ghost (weakling GnNe)
  3145 | D:3      | Noticed Terence
  3362 | D:3      | Killed Terence
  3362 | D:3      | Reached skill level 5 in Spellcasting
  3362 | D:3      | Reached XP level 5. HP: 28/28 MP: 0/14
  3727 | D:3      | Reached skill level 5 in Fire Magic
  3763 | D:3      | Found a sparkling altar of Nemelex Xobeh.
  3819 | D:3      | Found a blossoming altar of Fedhas.
  3819 | D:3      | Found an ancient bone altar of Kikubaaqudgha.
  3825 | D:3      | Found a hazy altar of Hepliaklqana.
  3927 | D:3      | Found an ornate altar of the Wu Jian Council.
  3929 | D:3      | Found a stormy altar of Qazlal.
  4033 | D:3      | Killed tidbits's ghost
  4321 | D:4      | Reached XP level 6. HP: 33/33 MP: 9/16
  4403 | D:4      | Noticed Eustachio
  4734 | D:4      | Found Geocolib's General Store.
  4855 | D:4      | Found Juodichu's Book Shoppe.
  4921 | D:4      | Noticed Robin
  4927 | D:4      | Killed Robin
  4927 | D:4      | Reached XP level 7. HP: 37/37 MP: 3/18
  5058 | D:4      | Found a bloodstained altar of Trog.
  5477 | D:4      | Found Daudghups's Antique Weapon Shop.
  5524 | D:4      | Noticed SlightEye's ghost (amateur OpAs)
  5592 | D:4      | Killed SlightEye's ghost
  5709 | D:4      | Learned a level 3 spell: Inner Flame
  5714 | D:4      | Learned a level 4 spell: Sticky Flame
  6191 | D:5      | Entered Level 5 of the Dungeon
  6439 | D:5      | Shot with an arrow by a centaur

Skill      XL: |  1  2  3  4  5  6  7 |
---------------+----------------------+-----
Fire Magic     | 4 5 6 7 |  7.4
Spellcasting   | 4 5 6 7 |  7.3
Conjurations   | 2 3 4 |  4.5
Fighting       | |  0.7
Dodging        | |  2.8
Stealth        | |  2.4

Action                   |  1- 3 |  4- 6 |  7- 9 || total
-------------------------+-------+-------+-------++-------
Melee: Dagger            |     8 |    13 |     4 ||    25
 Cast: Flame Tongue      |    71 |    87 |    48 ||   206
       Throw Flame       |    19 |    25 |    27 ||    71
       Conjure Flame     |       |    12 |     5 ||    17
  Use: Scroll            |     7 |     4 |     4 ||    15
       Potion            |       |       |     1 ||     1
 Stab: Distracted        |       |       |     1 ||     1
  Eat: Chunk             |     5 |     8 |     4 ||    17
Armor: Robe              |     5 |     1 |     5 ||    11
       Leather armour    |       |       |     2 ||     2
Dodge: Dodged            |    23 |    24 |    10 ||    57
